| TOP OF THE 1ST |
|
Chicago White Sox batting - Pitching for Los Angeles Angels : LHP Rod Swift
|
|
Pitching: LHP Rod Swift
|
|
|
Batting: RHB Glen Wilkins
|
0-0: Foul Ball, location: 9LMF 0-1: Ball 1-1: Hit by Pitch
|
|
Batting: RHB Byron Buxton
|
0-0: Called Strike 0-1: Foul Ball, location: 2F 0-2: Foul Ball, location: 2F 0-2: Ball 1-2: Foul Ball, location: 3F 1-2: Foul Ball, location: 3DF 1-2: Ball 2-2: Ball 3-2: SINGLE (Flyball, 6D, EV 83.8 MPH) Glen Wilkins to second
|
|
Batting: RHB Joshua Lopez
|
0-0: Ball 1-0: Foul Ball, location: 2F 1-1: Ball 2-1: Fielders Choice at 2nd, 6-4 (Groundball, 56, EV 83.8 MPH) Glen Wilkins to third
|
|
Batting: RHB Yeltsin Gudino
|
0-0: SINGLE (Groundball, 15, EV 63.1 MPH) (infield hit) Joshua Lopez to second
|
|
Batting: LHB Ji-man Choi
|
0-0: Called Strike 0-1: Ball 1-1: Foul Ball, location: 5DF 1-2: Fly out, F5 (Popup, 6S, EV 81.9 MPH)
|
|
Batting: RHB Wendell Rijo
|
0-0: Foul Ball, location: 7LDF 0-1: Foul Ball, location: 2F 0-2: Ball 1-2: Strikes out swinging
|
| Top of the 1st over - 0 runs, 2 hits, 0 errors, 3 left on base; Chicago 0 - Los Angeles 0 |
| BOTTOM OF THE 1ST |
|
Los Angeles Angels batting - Pitching for Chicago White Sox : LHP Lewis Thorpe
|
|
Pitching: LHP Lewis Thorpe
|
|
|
Batting: SHB Ozhaino Albies
|
0-0: Ball 1-0: Called Strike 1-1: Called Strike 1-2: Ball 2-2: Ball 3-2: Foul Ball, location: 23FF 3-2: Foul Ball, location: 2F 3-2: Foul Ball, location: 23F 3-2: Foul Ball, location: 5SF 3-2: Foul Ball, location: 7LMF 3-2: Base on Balls
|
|
Batting: RHB Mike Trout
|
0-0: Ball 1-0: Ball 2-0: Fly out, F8 (Line Drive, 8RM, EV 90.0 MPH)
|
|
Batting: RHB Addison Russell
|
0-0: Ball Wild Pitch! Ozhaino Albies to second 1-0: Called Strike 1-1: Ball 2-1: Swinging Strike 2-2: Strikes out swinging
|
|
Batting: SHB Jurickson Profar
|
0-0: Ball 1-0: Foul Ball, location: 9LDF 1-1: Swinging Strike 1-2: Strikes out swinging
|
| Bottom of the 1st over - 0 runs, 0 hits, 0 errors, 1 left on base; Chicago 0 - Los Angeles 0 |
| TOP OF THE 2ND |
|
Chicago White Sox batting - Pitching for Los Angeles Angels : LHP Rod Swift
|
|
Batting: RHB Wes Stevens
|
0-0: Ball 1-0: Ball 2-0: Ball 3-0: Called Strike 3-1: Foul Ball, location: 3FF 3-2: Ground out 5-3 (Groundball, 5D, EV 93.8 MPH)
|
|
Batting: LHB António García
|
0-0: Ground out U3 (Groundball, 3S, EV 68.1 MPH)
|
|
Batting: LHB Jace Peterson
|
0-0: Ball 1-0: Ball 2-0: Foul Ball, location: 2F 2-1: Called Strike 2-2: Ball 3-2: Foul Ball, location: 5FF 3-2: Fly out, F7 (Line Drive, 7, EV 94.4 MPH)
|
| Top of the 2nd over - 0 runs, 0 hits, 0 errors, 0 left on base; Chicago 0 - Los Angeles 0 |
| BOTTOM OF THE 2ND |
|
Los Angeles Angels batting - Pitching for Chicago White Sox : LHP Lewis Thorpe
|
|
Batting: RHB Jamie Tolbert
|
0-0: Ball 1-0: Swinging Strike 1-1: Ball 2-1: Foul Ball, location: 2F 2-2: Ball 3-2: Strikes out looking
|
|
Batting: RHB Starling Heredia
|
0-0: Fly out, F3 (Line Drive, 3L, EV 69.4 MPH)
|
|
Batting: RHB Pedro A. Gonzalez
|
0-0: Called Strike 0-1: Swinging Strike 0-2: Ball 1-2: Foul Ball, location: 5F 1-2: Fly out, F7 (Line Drive, 7S, EV 105.0 MPH)
|
| Bottom of the 2nd over - 0 runs, 0 hits, 0 errors, 0 left on base; Chicago 0 - Los Angeles 0 |
| TOP OF THE 3RD |
|
Chicago White Sox batting - Pitching for Los Angeles Angels : LHP Rod Swift
|
|
Batting: RHB Glen Wilkins
|
0-0: Called Strike 0-1: Called Strike 0-2: Foul Ball, location: 2RF 0-2: SOLO HOME RUN (Flyball, 78XD, EV 102.5 MPH), Distance : 397 ft
|
|
Batting: RHB Byron Buxton
|
0-0: Called Strike 0-1: Ball 1-1: Ball 2-1: Called Strike 2-2: Foul Ball, location: 2F 2-2: Strikes out looking
|
|
Batting: RHB Joshua Lopez
|
0-0: Fly out, F4 (Popup, 4D, EV 49.4 MPH)
|
|
Batting: RHB Yeltsin Gudino
|
0-0: Ball 1-0: Ground out 6-3 (Groundball, 6, EV 87.5 MPH)
|
| Top of the 3rd over - 1 run, 1 hit, 0 errors, 0 left on base; Chicago 1 - Los Angeles 0 |
| BOTTOM OF THE 3RD |
|
Los Angeles Angels batting - Pitching for Chicago White Sox : LHP Lewis Thorpe
|
|
Batting: RHB Luis Roa
|
0-0: Ground out 6-3 (Groundball, 6, EV 104.4 MPH)
|
|
Batting: RHB Mitch Trees
|
0-0: DOUBLE (Line Drive, 89M, EV 96.9 MPH)
|
|
Batting: SHB Ozhaino Albies
|
0-0: Foul Ball, location: 2F 0-1: Ball 1-1: Swinging Strike 1-2: Ball 2-2: Ground out 6-3 (Groundball, 6, EV 91.9 MPH)
|
|
Batting: RHB Mike Trout
|
0-0: Called Strike 0-1: Foul Ball, location: 2F 0-2: Foul Ball, location: 2F 0-2: Ball 1-2: Ball 2-2: Ball 3-2: SINGLE (Groundball, 4MD, EV 104.4 MPH) Mitch Trees to third Runner from 3rd tries for Home, SAFE, throw by CF to home
|
|
Batting: RHB Addison Russell
|
0-0: Ball 1-0: Foul Ball, location: 2F 1-1: Foul Ball, location: 25FF 1-2: Strikes out swinging
|
| Bottom of the 3rd over - 1 run, 2 hits, 0 errors, 1 left on base; Chicago 1 - Los Angeles 1 |
| TOP OF THE 4TH |
|
Chicago White Sox batting - Pitching for Los Angeles Angels : LHP Rod Swift
|
|
Batting: LHB Ji-man Choi
|
0-0: Ball 1-0: Foul Ball, location: 2F 1-1: Foul Ball, location: 9LMF 1-2: Strikes out swinging
|
|
Batting: RHB Wendell Rijo
|
0-0: Called Strike 0-1: Ground out 5-3 (Groundball, 56, EV 82.5 MPH)
|
|
Batting: RHB Wes Stevens
|
0-0: Ball 1-0: Ball 2-0: Swinging Strike 2-1: Foul Ball, location: 7LMF 2-2: Foul Ball, location: 7LDF 2-2: Strikes out looking
|
| Top of the 4th over - 0 runs, 0 hits, 0 errors, 0 left on base; Chicago 1 - Los Angeles 1 |
| BOTTOM OF THE 4TH |
|
Los Angeles Angels batting - Pitching for Chicago White Sox : LHP Lewis Thorpe
|
|
Batting: SHB Jurickson Profar
|
0-0: Ball 1-0: Ball 2-0: Ball 3-0: Called Strike 3-1: Fly out, F8 (Flyball, 8RD, EV 94.4 MPH)
|
|
Batting: RHB Jamie Tolbert
|
0-0: Foul Ball, location: 5FF 0-1: Ball 1-1: Foul Ball, location: 2F 1-2: Ball 2-2: Strikes out looking
|
|
Batting: RHB Starling Heredia
|
0-0: Ball 1-0: Called Strike 1-1: Foul Ball, location: 3F 1-2: Ball 2-2: Ball 3-2: Fly out, F8 (Flyball, 8LM, EV 91.3 MPH)
|
| Bottom of the 4th over - 0 runs, 0 hits, 0 errors, 0 left on base; Chicago 1 - Los Angeles 1 |
| TOP OF THE 5TH |
|
Chicago White Sox batting - Pitching for Los Angeles Angels : LHP Rod Swift
|
|
Batting: LHB António García
|
0-0: Ball 1-0: Ground out 6-3 (Groundball, 4M, EV 94.4 MPH)
|
|
Batting: LHB Jace Peterson
|
0-0: Ball 1-0: Swinging Strike 1-1: Swinging Strike 1-2: Ball 2-2: Foul Ball, location: 2F 2-2: Strikes out swinging
|
|
Batting: RHB Glen Wilkins
|
0-0: SINGLE (Groundball, 56D, EV 94.4 MPH)
|
|
Batting: RHB Byron Buxton
|
0-0: Ball 1-0: Ball 2-0: SINGLE (Line Drive, 9S, EV 105.6 MPH) Glen Wilkins to second Runner from 2nd tries for 3rd, SAFE, throw by RF made to third
|
|
Batting: RHB Joshua Lopez
|
0-0: Ball 1-0: Called Strike 1-1: DOUBLE (Flyball, 9LD, EV 105.0 MPH) Glen Wilkins scores Byron Buxton to third Runner from 3rd tries for Home, SAFE, no throw by RF
|
|
Batting: RHB Yeltsin Gudino
|
0-0: Called Strike 0-1: Ball 1-1: Swinging Strike 1-2: Ball 2-2: Strikes out swinging
|
| Top of the 5th over - 2 runs, 3 hits, 0 errors, 1 left on base; Chicago 3 - Los Angeles 1 |
| BOTTOM OF THE 5TH |
|
Los Angeles Angels batting - Pitching for Chicago White Sox : LHP Lewis Thorpe
|
|
Batting: RHB Pedro A. Gonzalez
|
0-0: Ball 1-0: Ball 2-0: Fly out, F7 (Flyball, 7, EV 93.1 MPH)
|
|
Batting: RHB Luis Roa
|
0-0: Called Strike 0-1: Called Strike 0-2: Ground out 6-3 (Groundball, 6, EV 78.1 MPH)
|
|
Batting: RHB Mitch Trees
|
0-0: Ball 1-0: Swinging Strike 1-1: Ball 2-1: Ball 3-1: Foul Ball, location: 2F 3-2: Fly out, F6 (Popup, 6M, EV 58.1 MPH)
|
| Bottom of the 5th over - 0 runs, 0 hits, 0 errors, 0 left on base; Chicago 3 - Los Angeles 1 |
| TOP OF THE 6TH |
|
Chicago White Sox batting - Pitching for Los Angeles Angels : LHP Rod Swift
|
|
Batting: LHB Ji-man Choi
|
0-0: Ball 1-0: Ground out 5-3 (Groundball, 5, EV 81.3 MPH)
|
|
Batting: RHB Wendell Rijo
|
0-0: Ball 1-0: Fly out, F4 (Line Drive, 34D, EV 71.3 MPH)
|
|
Batting: RHB Wes Stevens
|
0-0: Ball 1-0: Called Strike 1-1: Ground out 6-3 (Groundball, 56, EV 95.0 MPH)
|
| Top of the 6th over - 0 runs, 0 hits, 0 errors, 0 left on base; Chicago 3 - Los Angeles 1 |
| BOTTOM OF THE 6TH |
|
Los Angeles Angels batting - Pitching for Chicago White Sox : LHP Lewis Thorpe
|
|
Batting: SHB Ozhaino Albies
|
0-0: Ball 1-0: SOLO HOME RUN (Line Drive, 7D, EV 95.0 MPH), Distance : 371 ft
|
|
Batting: RHB Mike Trout
|
0-0: Called Strike 0-1: Called Strike 0-2: Foul Ball, location: 2F 0-2: Ball 1-2: Ball 2-2: Ball 3-2: Ground out 6-3 (Groundball, 6S, EV 83.8 MPH)
|
|
Batting: RHB Addison Russell
|
0-0: Fly out, F8 (Flyball, 78D, EV 110.6 MPH)
|
|
Pitching: RHP Monte Young
|
|
|
Batting: SHB Jurickson Profar
|
0-0: Ball 1-0: Ball 2-0: Fly out, F4 (Line Drive, 4M, EV 75.6 MPH)
|
| Bottom of the 6th over - 1 run, 1 hit, 0 errors, 0 left on base; Chicago 3 - Los Angeles 2 |
| TOP OF THE 7TH |
|
Chicago White Sox batting - Pitching for Los Angeles Angels : LHP Rod Swift
|
|
Pitching: LHP Kevin Phillips
|
|
|
Batting: LHB António García
|
0-0: Ball 1-0: Swinging Strike 1-1: Ball 2-1: SINGLE (Groundball, 3D, EV 99.4 MPH)
|
|
Batting: LHB Jace Peterson
|
0-0: Ball 1-0: Called Strike 1-1: Sac Bunt to 3S - play at first, batter OUT! 3-4 António García to second
|
|
Batting: RHB Glen Wilkins
|
0-0: Called Strike 0-1: SINGLE (Groundball, 6S, EV 68.1 MPH) (infield hit) António García to third
|
|
Batting: RHB Byron Buxton
|
0-0: Ball 1-0: Ball 2-0: SINGLE (Line Drive, 4MD, EV 97.5 MPH) António García scores Glen Wilkins to second
|
|
Batting: RHB Joshua Lopez
|
0-0: Foul Ball, location: 2F 0-1: Ball 1-1: Ball 2-1: Called Strike 2-2: Ball 3-2: Strikes out swinging
|
|
Pitching: RHP Darren Watkins
|
|
|
Batting: RHB Yeltsin Gudino
|
0-0: Called Strike 0-1: 3-RUN HOME RUN (Flyball, 9D, EV 96.9 MPH), Distance : 356 ft
|
|
Batting: LHB Ji-man Choi
|
0-0: Called Strike 0-1: Ball 1-1: Ball 2-1: Foul Ball, location: 7LMF 2-2: Ball 3-2: Strikes out swinging
|
| Top of the 7th over - 4 runs, 4 hits, 0 errors, 0 left on base; Chicago 7 - Los Angeles 2 |
| BOTTOM OF THE 7TH |
|
Los Angeles Angels batting - Pitching for Chicago White Sox : RHP Monte Young
|
|
Batting: RHB Jamie Tolbert
|
0-0: Ball 1-0: Ball 2-0: Called Strike 2-1: Ball 3-1: Ground out 5-3 (Groundball, 56, EV 87.5 MPH)
|
|
Pinch Hitting: LHB Isranel Wilson
|
0-0: Ball 1-0: Foul Ball, location: 23F 1-1: Ground out 5-3 (Groundball, 56S, EV 81.3 MPH)
|
|
Batting: RHB Pedro A. Gonzalez
|
0-0: Ball 1-0: Swinging Strike 1-1: Called Strike 1-2: SINGLE (Line Drive, 9LS, EV 90.0 MPH)
|
|
Batting: RHB Luis Roa
|
0-0: Foul Ball, location: 25F 0-1: Called Strike 0-2: Foul Ball, location: 7LSFF 0-2: Ball 1-2: Ball 2-2: Ball 3-2: Fly out, F8 (Line Drive, 8RS, EV 110.0 MPH)
|
| Bottom of the 7th over - 0 runs, 1 hit, 0 errors, 1 left on base; Chicago 7 - Los Angeles 2 |
| TOP OF THE 8TH |
|
Chicago White Sox batting - Pitching for Los Angeles Angels : RHP Darren Watkins
|
|
Now in RF: Augusto Ramírez
|
|
|
Batting: RHB Wendell Rijo
|
0-0: Ball 1-0: Ball 2-0: Called Strike 2-1: Ball 3-1: Called Strike 3-2: Foul Ball, location: 2RF 3-2: Strikes out swinging
|
|
Batting: RHB Wes Stevens
|
0-0: Ground out 5-3 (Groundball, 56S, EV 89.4 MPH)
|
|
Batting: LHB António García
|
0-0: Ball 1-0: Called Strike 1-1: Ball 2-1: Foul Ball, location: 25FF 2-2: Foul Ball, location: 2F 2-2: SOLO HOME RUN (Flyball, 9D, EV 96.3 MPH), Distance : 362 ft
|
|
Pitching: RHP Derek Henderson
|
|
|
Batting: LHB Jace Peterson
|
0-0: Ball 1-0: Ball 2-0: Foul Ball, location: 7LDF 2-1: SINGLE (Line Drive, 9S, EV 90.6 MPH)
|
|
Batting: RHB Glen Wilkins
|
0-0: Ball 1-0: Ball Jace Peterson is caught stealing 2nd base 2-4
|
| Top of the 8th over - 1 run, 2 hits, 0 errors, 0 left on base; Chicago 8 - Los Angeles 2 |
| BOTTOM OF THE 8TH |
|
Los Angeles Angels batting - Pitching for Chicago White Sox : RHP Monte Young
|
|
Batting: RHB Mitch Trees
|
0-0: Ball 1-0: Called Strike 1-1: Ball 2-1: Ground out 6-3 (Groundball, 6, EV 85.6 MPH)
|
|
Batting: SHB Ozhaino Albies
|
0-0: Foul Ball, location: 2F 0-1: Foul Ball, location: 9LSF 0-2: Ball 1-2: Ball 2-2: Foul Ball, location: 9LMF 2-2: Ball 3-2: Base on Balls
|
|
Pitching: LHP T.J. Adams
|
|
|
Batting: RHB Mike Trout
|
0-0: Fly out, F8 (Line Drive, 8RS, EV 84.4 MPH)
|
|
Batting: RHB Addison Russell
|
0-0: Called Strike 0-1: Foul Ball, location: 23F 0-2: Foul Ball, location: 23FF 0-2: Fly out, F7 (Flyball, 7, EV 85.6 MPH)
|
| Bottom of the 8th over - 0 runs, 0 hits, 0 errors, 1 left on base; Chicago 8 - Los Angeles 2 |
| TOP OF THE 9TH |
|
Chicago White Sox batting - Pitching for Los Angeles Angels : RHP Derek Henderson
|
|
Pitching: LHP Héctor Rosado
|
|
|
Batting: RHB Glen Wilkins
|
0-0: Called Strike 0-1: Swinging Strike 0-2: Strikes out looking
|
|
Batting: RHB Byron Buxton
|
0-0: Ball 1-0: Fly out, F8 (Flyball, 8LM, EV 90.0 MPH)
|
|
Batting: RHB Joshua Lopez
|
0-0: Called Strike 0-1: SINGLE (Flyball, 7LS, EV 88.1 MPH)
|
|
Batting: RHB Yeltsin Gudino
|
0-0: Foul Ball, location: 25FF 0-1: Foul Ball, location: 9LSF 0-2: Ball 1-2: Strikes out swinging
|
| Top of the 9th over - 0 runs, 1 hit, 0 errors, 1 left on base; Chicago 8 - Los Angeles 2 |
| BOTTOM OF THE 9TH |
|
Los Angeles Angels batting - Pitching for Chicago White Sox : LHP T.J. Adams
|
|
Batting: SHB Jurickson Profar
|
0-0: Ball 1-0: SINGLE (Line Drive, 6D, EV 101.3 MPH)
|
|
Batting: RHB Jamie Tolbert
|
0-0: Ground out 5-3 (Groundball, 56S, EV 66.9 MPH) Jurickson Profar to second
|
|
Batting: SHB Augusto Ramírez
|
0-0: Called Strike 0-1: Ball 1-1: Called Strike 1-2: Strikes out looking
|
|
Batting: RHB Pedro A. Gonzalez
|
0-0: Ball 1-0: Ball 2-0: Ball 3-0: Called Strike 3-1: Fly out, F6 (Line Drive, 6MD, EV 95.0 MPH)
|
| Bottom of the 9th over - 0 runs, 1 hit, 0 errors, 1 left on base; Chicago 8 - Los Angeles 2 |
|